 Dungeon Crawl Stone Soup version 0.16.1-16-gc44b35d (webtiles) character file.

217 Siriah the Ruffian (level 5, -9/46 HPs)
             Began as a Draconian Monk on Apr 18, 2015.
             Killed by divine providence
             ... invoked by an orc priest
              (16 damage)
             ... on level 4 of the Dungeon.
             The game lasted 00:06:36 (2345 turns).

Siriah the Ruffian (Draconian Monk)                 Turns: 2345, Time: 00:06:36

Health: -9/46      AC:  9    Str: 20    XL:     5   Next: 61%
Magic:  5/5        EV: 14    Int: 10    God:
Gold:   180        SH:  0    Dex: 13    Spells: 0 memorised, 4 levels left

rFire  + . .     SeeInvis +       - Unarmed
rCold  . . .     Clarity  .     (armour unavailable)
rNeg   . . .     SustAb   .     (no shield)
rPois  .         Gourm    .     (helmet restricted)
rElec  .         Spirit   .     (no cloak)
rCorr  .         Warding  .     v - +0 pair of gloves
rMut   .         Stasis   .     c - +2 pair of boots
MR     .....                    (no amulet)
Stlth  ++........               q - ring of see invisible
                                l - ring of protection from fire

@: mighty, lethally poisoned (-9 -> -11), not resistant to hostile enchantments,
unstealthy
A: unfitting armour, cold-blooded, AC +5
a: no special abilities


You were on level 4 of the Dungeon.
You were not hungry.

You visited 1 branch of the dungeon, and saw 4 of its levels.

You collected 180 gold pieces.

Inventory:

Armour
 c - a +2 pair of boots (worn)
 v - a +0 pair of gloves (worn)
Jewellery
 d - an uncursed ring of flight
 l - a ring of protection from fire (left hand)
 q - a ring of see invisible (right hand)
Scrolls
 a - a scroll of remove curse
 g - a scroll of random uselessness {unknown}
 h - a scroll of fog {unknown}
 j - 3 scrolls of identify {unknown}
 r - a scroll of recharging {unknown}
 w - a scroll of noise {unknown}
Potions
 i - a potion of cure mutation {unknown}
 k - a potion of brilliance {unknown}
 m - a potion of flight {unknown}
 p - a potion of curing {unknown}
 s - a potion of magic {unknown}
 t - a potion of heal wounds {unknown}
 u - a potion of restore abilities {unknown}
 x - a potion of agility {unknown}
Comestibles
 b - 6 bread rations
 n - 2 fruits
 o - a slice of pizza
 z - a royal jelly


   Skills:
 + Level 4.0 Fighting
 + Level 4.1 Dodging
 + Level 2.3 Stealth
 + Level 5.4 Unarmed Combat


You had 4 spell levels left.
You didn't know any spells.

Dungeon Overview and Level Annotations

Branches:
Dungeon (4/15)
 Temple: D:4-7

Altars:
Ashenzari

Shops:
D:4 %


Innate Abilities, Weirdness & Mutations

Your plain brown scales are hard (AC +5).
Your body does not fit into most forms of armour.
Your cold-blooded metabolism reacts poorly to cold.


Message History

The orc wizard barely misses you.
You punch the orc wizard!
You kill the orc wizard!
Your Fighting skill increases to level 4!
Your Dodging skill increases to level 4!
You feel sick.
An orc comes into view. It is wielding a short sword.
You closely miss the orc. The orc barely misses you.
You barely miss the orc.
The orc shouts!
You tail-slap the orc!
You kill the orc!
You feel sick. The orc hits you but does no damage.
You closely miss the orc.
An orc priest comes into view. It is wielding a short sword.
You completely miss the orc.
You feel sick. The orc closely misses you.
You feel sick.
The orc priest mumbles some strange prayers to Beogh against you.
Something smites you!
You die...

........ #### #..##..# .....
#..##..### ...... #......#..
. ..... +......'. ... #...
#+##..##..# ....#
####...###.##..##.$###....#
................#.o........+
........<.......@.o.o......#
.######..##..##†####o####..#
#..##..##.####)####..#
....#......oo..o......+
.....+.................#
..##..##..###+#8.8o8##..# ..
#..##..# #.⌠o⌠..# +#
+..#.... o8.∩.8... ..+....
.S.⌠.⌠....


You could see an orc priest and 3 orcs.

Vanquished Creatures
  A hound (D:4)
  A centaur skeleton (D:4)
  An orc wizard (D:4)
  5 adders (D:3)
  A worm (D:2)
  6 orcs
  2 giant cockroaches (D:1)
  6 goblins
  5 hobgoblins
  3 jackals (D:2)
  5 kobolds
  3 quokkas
  10 bats
  A giant newt (D:1)
  7 rats
57 creatures vanquished.

Vanquished Creatures (others)
  An orc wizard (D:4)
1 creature vanquished.

Grand Total: 58 creatures vanquished

Notes
Turn   | Place    | Note
--------------------------------------------------------------
     0 | D:1      | Siriah, the Draconian Monk, began the quest for the Orb.
     0 | D:1      | Reached XP level 1. HP: 19/19 MP: 1/1
   428 | D:1      | Reached XP level 2. HP: 26/26 MP: 2/2
   874 | D:2      | Found a shattered altar of Ashenzari.
   963 | D:2      | Reached XP level 3. HP: 26/31 MP: 3/3
  1745 | D:3      | Reached XP level 4. HP: 38/40 MP: 4/4
  2225 | D:3      | Reached skill level 5 in Unarmed Combat
  2297 | D:4      | Found Psao's Food Shop.
  2309 | D:4      | Reached XP level 5. HP: 34/46 MP: 5/5
  2345 | D:4      | Killed from afar by an orc priest

Action                   |  1- 3 |  4- 6 || total
-------------------------+-------+-------++-------
Melee: Unarmed           |   168 |    72 ||   240
  Use: Scroll            |     4 |       ||     4
       Potion            |       |     2 ||     2
 Stab: Sleeping          |     2 |       ||     2
  Eat: Chunk             |     3 |     2 ||     5
